Map: Gresvan LE

Players

Geralt (Gerald)

  • Race: Protoss Protoss
  • League: Grandmaster
  • Spawn Location: 5:00

SKillous - Winner!

  • Race: Protoss Protoss
  • League: Grandmaster
  • Spawn Location: 11:00

Event: HomeStory Cup XXIII

VOD

Have the link to the VOD?

Description

Time

  • Played on: June 30, 2023, 2:24 p.m.
  • Length: 11:42

All games in this series

Show
View Real Time Build Order
Export as new Build Order

Geralt Protoss 

Build Orders: Oracle Opening 

Get SALT Encoding   

  12  0:00  Probe  
  13  0:12  Probe  
  14  0:17  Pylon  
  14  0:24  Probe (Chrono Boost)  
  16  0:37  Probe (Chrono Boost), Gateway  
  16  0:42  Probe (Chrono Boost)  
  16  0:45  Assimilator  
  17  0:51  Probe  
  17  0:54  Assimilator  
  18  1:03  Probe (Chrono Boost)  
  19  1:08  Gateway  
  19  1:12  Probe (Chrono Boost)  
  19  1:17  Probe (Chrono Boost)  
  20  1:23  Cybernetics Core  
  21  1:29  Probe  
  22  1:34  Pylon  
  22  1:42  Probe  
  23  2:00  Stargate  
  24  2:01  Adept  
  24  2:03  Adept  
  24  2:06  Probe  
  28  2:09  Warp Gate  
  28  2:15  Pylon  
  28  2:19  Probe  
  29  2:31  Probe  
  30  2:40  Oracle (Chrono Boost)  
  33  2:52  Stalker  
  33  2:53  Shield Battery  
  33  2:54  Probe  
  35  3:06  Probe  
  36  3:18  Nexus  
  36  3:26  Robotics Facility  
  36  3:35  Pylon  
  36  3:44  Pylon  
  35  3:57  Gateway  
  35  3:58  Sentry  
  35  3:59  Stalker  
  38  4:04  Shield Battery  
  38  4:21  Immortal (Chrono Boost)  
  38  4:22  Sentry  
  44  4:35  Stalker  
  45  4:53  Stalker  
  45  4:55  Immortal (Chrono Boost)  
  48  5:02  Stalker  
  50  5:07  Stalker  
  50  5:08  Probe  
  53  5:17  Stalker  
  53  5:18  Probe  
  54  5:23  Probe  
  54  5:28  Shield Battery  
  55  5:38  Adept x2  
  62  5:58  Pylon  
  62  5:59  Probe (Chrono Boost)  
  62  6:00  Probe (Chrono Boost), Observer  
  62  6:06  Twilight Council  
  62  6:09  Pylon  
  62  6:16  Probe x2 (Chrono Boost)  
  64  6:28  Probe x2 (Chrono Boost)  
  66  6:34  Probe x2 (Chrono Boost)  
  68  6:41  Immortal  
  68  6:42  Probe x2  
  68  6:46  Blink  
  74  6:49  Assimilator  
  74  6:52  Pylon  
  74  6:54  Probe x2  
  74  7:06  Probe x2  
  76  7:21  Nexus  
  76  7:22  Pylon, Stalker  
  72  7:23  Stalker  
  72  7:25  Probe  
  77  7:32  Probe, Observer (Chrono Boost)  
  77  7:34  Phoenix  
  79  7:38  Forge  
  79  7:40  Gateway  
  79  7:44  Stalker  
  79  7:46  Probe x2, Shield Battery  
  83  7:58  Probe x2  
  84  8:10  Probe  
  80  8:13  Stalker x3  
  80  8:14  Probe  
  82  8:23  Probe  
  65  8:35  Immortal (Chrono Boost)  
  65  8:36  Stalker  
  65  8:37  Stalker x3  
  62  8:42  Stalker x2  
  58  9:00  Stalker x2  
  58  9:01  Probe  
  63  9:04  Stalker x2  
  63  9:06  Immortal (Chrono Boost)  
  71  9:11  Assimilator  
  70  9:20  Zealot x3  
  75  9:27  Stalker  
  69  9:38  Probe  
  69  9:42  Gateway  
  69  9:43  Dark Shrine, Stalker  
  72  9:50  Stalker  
  74  9:56  Stalker  
  77  10:01  Probe  
  77  10:05  Observer (Chrono Boost)  
  77  10:13  Nexus  
  77  10:25  Pylon  
  77  10:29  Probe  
  77  10:30  Probe  
  77  10:36  Warp Prism  
  79  10:46  Stalker x3  
  79  10:48  Pylon  
  79  10:49  Pylon  
  72  11:04  Stalker  
  72  11:08  Dark Templar  
  72  11:09  Immortal (Chrono Boost)  
  77  11:19  Zealot  
  77  11:20  Zealot x2  
  73  11:32  Stalker  
Show
View Real Time Build Order
Export as new Build Order

SKillous Protoss - Winner!

Build Orders:  

Get SALT Encoding   

  12  0:00  Probe  
  13  0:12  Probe  
  14  0:17  Pylon  
  14  0:24  Probe  
  15  0:36  Gateway  
  15  0:37  Probe (Chrono Boost)  
  16  0:47  Assimilator  
  16  0:48  Probe (Chrono Boost)  
  17  0:52  Probe (Chrono Boost)  
  17  0:55  Assimilator  
  18  1:03  Probe (Chrono Boost)  
  19  1:10  Gateway  
  19  1:12  Probe (Chrono Boost)  
  19  1:18  Probe  
  20  1:24  Cybernetics Core  
  21  1:30  Probe  
  22  1:37  Pylon  
  22  1:42  Probe  
  23  1:55  Probe  
  23  2:00  Stalker x2  
  23  2:01  Warp Gate  
  28  2:08  Pylon  
  28  2:32  Stalker x2  
  28  2:33  Robotics Facility  
  32  2:43  Gateway  
  31  2:51  Shield Battery  
  31  3:00  Pylon  
  31  3:17  Warp Prism (Chrono Boost)  
  31  3:25  Probe  
  34  3:34  Pylon  
  34  3:42  Pylon  
  34  3:43  Pylon  
  34  3:46  Pylon  
  34  3:51  Stalker x3  
  34  3:53  Observer  
  41  4:11  Nexus  
  41  4:21  Sentry  
  41  4:22  Stalker  
  45  4:28  Pylon  
  45  4:38  Probe  
  44  4:50  Probe  
  45  4:53  Sentry  
  45  4:54  Stalker x2  
  51  5:04  Probe  
  50  5:19  Probe  
  50  5:20  Pylon  
  49  5:23  Twilight Council  
  49  5:24  Adept, Sentry  
  49  5:27  Adept  
  55  5:32  Observer  
  55  5:35  Probe (Chrono Boost)  
  56  5:38  Probe (Chrono Boost)  
  57  5:47  Probe (Chrono Boost)  
  59  5:50  Probe (Chrono Boost)  
  59  5:52  Shield Battery, Sentry  
  59  5:54  Probe (Chrono Boost)  
  59  5:55  Probe (Chrono Boost), Sentry  
  65  6:03  Probe  
  66  6:05  Probe  
  66  6:07  Pylon  
  66  6:10  Blink (Chrono Boost)  
  67  6:11  Observer  
  67  6:16  Probe  
  67  6:17  Probe  
  69  6:22  Assimilator  
  69  6:26  Immortal (Chrono Boost)  
  69  6:31  Probe  
  69  6:32  Probe  
  75  6:43  Probe  
  75  6:45  Assimilator  
  75  6:46  Pylon  
  76  6:47  Probe  
  76  6:51  Pylon x2  
  77  7:02  Immortal (Chrono Boost)  
  77  7:08  Stalker  
  84  7:09  Stalker  
  84  7:12  Observer  
  84  7:13  Stalker  
  87  7:15  Probe x2  
  87  7:27  Probe  
  88  7:31  Gateway x2  
  88  7:39  Stalker x2  
  88  7:40  Observer  
  88  7:41  Probe  
  94  7:45  Stalker  
  94  7:51  Pylon  
  96  7:55  Probe  
  92  8:14  Stalker  
  92  8:15  Stalker x2  
  96  8:25  Stalker  
  96  8:26  Probe  
  71  8:34  Stalker  
  71  8:37  Probe (Chrono Boost)  
  71  8:38  Stalker x3  
  78  8:44  Probe (Chrono Boost)  
  79  8:48  Nexus  
  77  8:58  Probe x2 (Chrono Boost), Stalker x2  
  83  9:04  Sentry x2  
  83  9:05  Sentry  
  83  9:08  Charge  
  89  9:17  Probe  
  88  9:26  Stalker x2  
  90  9:36  Stalker x3  
  90  9:38  Probe  
  95  9:42  Observer  
  95  9:51  Stalker x2  
  91  9:54  Gateway, Observer  
  91  9:55  Observer  
  90  10:08  Gateway  
  90  10:10  Gateway  
  90  10:12  Stalker x2  
  90  10:13  Stalker  
  96  10:20  Stalker  
  98  10:21  Stalker  
  100  10:42  Stalker x3  
  106  10:43  Stalker  
  106  10:44  Stalker  
  106  10:46  Pylon  
  106  10:59  Observer  
  100  11:07  Stalker x8  
  116  11:13  Pylon  
  116  11:17  Observer  
  111  11:30  Stalker x3  
  111  11:31  Stalker x3  
  111  11:32  Zealot  
  121  11:38  Stalker  
Tags
 
Add a new tag
Caveats
  • Supply blocks, unpowered buildings, or Contaminate may cause inaccurate times.
  • Supply counts are checked every 10 seconds.